[ AOE2 MATCH · #490799680 ]
UnrankedSpanish vs Vietnamese
Player's team · LOSS
[ REPLAY ANALYSIS · EXTRACTED FROM THE RECORDED GAME ]
Feudal
9:24
Castle
18:56
Imperial
—
| APM avg | 39.6 |
| APM peak | 66 |
| eAPM avg | 17.3 |
| Villagers / military | 83 / 63 |
Focus
⚔️ 36.6% · 🌾 63.4%
Knight ×33 · Skirmisher ×20 · Scorpion ×7 · Militia ×3
Feudal
9:42
Castle
19:41
Imperial
38:03
| APM avg | 50.8 |
| APM peak | 84 |
| eAPM avg | 20.2 |
| Villagers / military | 132 / 61 |
Focus
⚔️ 29.3% · 🌾 70.7%
Cavalry Archer ×37 · Archer ×7 · Monk ×5 · Mangonel ×5 · Fire Lancer ×4 · Battering Ram ×1
Match map
Initial resources + every placement click. Lines = walls · curves = elevation contours. ◆ gold · ⬟ stone · ● berries · ✦ relic · ◌ wall gap
Your base· ✓ Closed at 18:56 · 46t walls · 1 gate(s)
Squirrel's base· Open — 4t gap
Smoothed initial terrain · ◌ = detected wall gap · hover for details
Inputs per minute
— CTM | Crawly94 - - Squirrel
Build order — CTM | Crawly94
First 150 of 255 actions detected
| 0:01 | Create | Villager (Male) |
| 0:01 | Create | Villager (Male) |
| 0:02 | Build | House |
| 0:03 | Build | House |
| 0:03 | Create | Villager (Male) |
| 0:14 | Create | Villager (Male) |
| 1:29 | Create | Villager (Male) |
| 1:47 | Build | Lumber Camp |
| 2:11 | Create | Villager (Male) |
| 2:12 | Create | Villager (Male) |
| 2:57 | Create | Villager (Male) |
| 2:57 | Create | Villager (Male) |
| 3:47 | Create | Villager (Male) |
| 3:47 | Create | Villager (Male) |
| 3:54 | Build | Mill |
| 4:00 | Build | House |
| 4:33 | Create | Villager (Male) |
| 4:34 | Create | Villager (Male) |
| 4:34 | Create | Villager (Male) |
| 5:16 | Build | House |
| 5:53 | Create | Villager (Male) |
| 5:54 | Create | Villager (Male) |
| 6:01 | Create | Villager (Male) |
| 6:13 | Build | Barracks |
| 6:35 | Research | Loom |
| 7:14 | Research | Feudal Age |
| 7:46 | Build | Palisade Wall |
| 8:00 | Create | Militia |
| 8:00 | Create | Militia |
| 8:23 | Build | Mining Camp |
| 8:28 | Create | Militia |
| 9:06 | Build | House |
| 9:12 | Build | Palisade Wall |
| 9:24 | Age | Feudal Age |
| 9:27 | Research | Man-at-Arms (upgrade) |
| 10:01 | Build | Palisade Wall |
| 10:05 | Build | Palisade Wall |
| 10:09 | Build | Palisade Gate |
| 10:12 | Create | Villager (Male) |
| 10:21 | Create | Villager (Male) |
| 10:31 | Build | Farm |
| 10:31 | Build | Farm |
| 10:34 | Create | Villager (Male) |
| 10:41 | Build | Palisade Wall |
| 10:46 | Build | House |
| 10:51 | Create | Villager (Male) |
| 11:36 | Create | Villager (Male) |
| 11:46 | Create | Villager (Male) |
| 11:52 | Build | House |
| 11:57 | Build | Farm |
| 12:02 | Research | Double-Bit Axe |
| 12:09 | Create | Villager (Male) |
| 12:37 | Build | House |
| 12:40 | Build | House |
| 13:02 | Create | Villager (Male) |
| 13:10 | Build | Market |
| 13:18 | Create | Villager (Male) |
| 13:29 | Build | Blacksmith |
| 13:55 | Create | Villager (Male) |
| 13:55 | Create | Villager (Male) |
| 14:10 | Build | House |
| 14:12 | Build | House |
| 14:19 | Build | Farm |
| 14:28 | Build | Farm |
| 14:32 | Build | Farm |
| 15:09 | Create | Villager (Male) |
| 15:19 | Build | Stable |
| 15:39 | Build | Farm |
| 15:53 | Build | Lumber Camp |
| 16:16 | Research | Castle Age |
| 16:33 | Build | House |
| 16:34 | Build | House |
| 16:36 | Build | Palisade Wall |
| 16:37 | Build | Palisade Wall |
| 16:49 | Research | Gold Mining |
| 17:16 | Research | Horse Collar |
| 17:24 | Build | Farm |
| 17:25 | Build | Farm |
| 17:27 | Build | Farm |
| 17:33 | Build | Farm |
| 18:03 | Build | Stable |
| 18:29 | Build | Farm |
| 18:35 | Build | Farm |
| 18:49 | Research | Scale Barding Armor |
| 18:52 | Research | Bloodlines |
| 18:56 | Age | Castle Age |
| 18:58 | Create | Knight |
| 18:59 | Create | Knight |
| 19:17 | Create | Villager (Male) |
| 19:19 | Create | Villager (Male) |
| 19:40 | Create | Knight |
| 19:41 | Create | Knight |
| 20:01 | Create | Knight |
| 20:15 | Build | Farm |
| 20:16 | Build | Farm |
| 20:19 | Build | Farm |
| 20:23 | Build | Farm |
| 20:26 | Create | Knight |
| 21:05 | Create | Villager (Male) |
| 21:06 | Create | Villager (Male) |
| 21:15 | Create | Villager (Male) |
| 21:26 | Build | House |
| 21:26 | Build | House |
| 21:27 | Build | House |
| 21:29 | Build | House |
| 21:29 | Build | House |
| 21:30 | Build | House |
| 21:36 | Research | Forging |
| 21:41 | Create | Knight |
| 21:41 | Create | Knight |
| 22:26 | Research | Husbandry |
| 22:27 | Create | Villager (Male) |
| 22:33 | Build | Town Center |
| 22:37 | Create | Villager (Male) |
| 22:54 | Create | Villager (Male) |
| 23:18 | Create | Villager (Male) |
| 23:18 | Create | Villager (Male) |
| 23:23 | Build | Farm |
| 23:26 | Create | Villager (Male) |
| 23:26 | Create | Villager (Male) |
| 23:59 | Create | Villager (Male) |
| 24:00 | Create | Knight |
| 24:00 | Create | Knight |
| 24:34 | Create | Villager (Male) |
| 24:34 | Create | Villager (Male) |
| 24:36 | Create | Knight |
| 24:36 | Create | Knight |
| 24:45 | Build | Siege Workshop |
| 24:48 | Build | Siege Workshop |
| 24:51 | Create | Villager (Male) |
| 24:51 | Create | Villager (Male) |
| 25:07 | Create | Villager (Male) |
| 25:07 | Create | Villager (Male) |
| 25:15 | Create | Villager (Male) |
| 25:23 | Build | Farm |
| 25:24 | Build | Farm |
| 25:24 | Build | Farm |
| 25:25 | Build | Farm |
| 25:43 | Create | Scorpion |
| 26:06 | Build | Farm |
| 26:07 | Create | Villager (Male) |
| 26:16 | Create | Villager (Male) |
| 26:18 | Create | Knight |
| 26:19 | Create | Knight |
| 26:28 | Create | Scorpion |
| 26:28 | Create | Scorpion |
| 26:33 | Create | Knight |
| 26:33 | Create | Knight |
| 26:41 | Create | Villager (Male) |
| 26:52 | Create | Knight |
Build order — Squirrel
First 150 of 361 actions detected
| 0:00 | Create | Villager (Male) |
| 0:00 | Create | Villager (Male) |
| 0:01 | Build | House |
| 0:02 | Build | House |
| 0:08 | Create | Villager (Male) |
| 0:09 | Create | Villager (Male) |
| 1:28 | Create | Villager (Male) |
| 1:47 | Build | Lumber Camp |
| 1:49 | Create | Villager (Male) |
| 2:23 | Create | Villager (Male) |
| 2:50 | Create | Villager (Male) |
| 3:00 | Create | Villager (Male) |
| 3:31 | Build | House |
| 3:32 | Build | House |
| 3:37 | Create | Villager (Male) |
| 3:59 | Create | Villager (Male) |
| 4:25 | Build | Mill |
| 4:30 | Create | Villager (Male) |
| 5:02 | Create | Villager (Male) |
| 5:02 | Create | Villager (Male) |
| 5:24 | Create | Villager (Male) |
| 5:48 | Create | Villager (Male) |
| 6:36 | Create | Villager (Male) |
| 6:38 | Research | Loom |
| 7:06 | Research | Feudal Age |
| 7:52 | Create | Villager (Male) |
| 7:59 | Build | Lumber Camp |
| 8:12 | Build | Barracks |
| 8:39 | Create | Villager (Male) |
| 9:19 | Build | Palisade Wall |
| 9:24 | Build | Mining Camp |
| 9:24 | Create | Villager (Male) |
| 9:26 | Build | Palisade Wall |
| 9:27 | Build | Palisade Wall |
| 9:28 | Build | Palisade Wall |
| 9:28 | Build | Palisade Wall |
| 9:32 | Create | Villager (Male) |
| 9:34 | Build | Palisade Wall |
| 9:35 | Build | Palisade Wall |
| 9:36 | Create | Villager (Male) |
| 9:42 | Age | Feudal Age |
| 9:44 | Build | Palisade Wall |
| 9:45 | Build | Palisade Wall |
| 9:46 | Create | Villager (Male) |
| 9:49 | Create | Villager (Male) |
| 9:53 | Build | Palisade Wall |
| 9:59 | Build | Palisade Wall |
| 10:00 | Build | Palisade Wall |
| 10:02 | Create | Villager (Male) |
| 10:05 | Research | Double-Bit Axe |
| 10:06 | Create | Villager (Male) |
| 10:09 | Create | Villager (Male) |
| 10:20 | Build | Archery Range |
| 10:48 | Build | Palisade Wall |
| 10:49 | Create | Villager (Male) |
| 11:01 | Build | House |
| 11:03 | Create | Archer |
| 11:07 | Create | Villager (Male) |
| 11:10 | Create | Archer |
| 11:22 | Create | Villager (Male) |
| 11:26 | Create | Villager (Male) |
| 11:34 | Create | Villager (Male) |
| 11:58 | Build | Blacksmith |
| 11:59 | Create | Villager (Male) |
| 12:00 | Create | Villager (Male) |
| 12:02 | Create | Archer |
| 12:11 | Build | Farm |
| 12:12 | Research | Horse Collar |
| 12:12 | Create | Villager (Male) |
| 12:23 | Create | Villager (Male) |
| 12:30 | Create | Villager (Male) |
| 12:32 | Build | Farm |
| 12:34 | Build | Farm |
| 12:34 | Create | Villager (Male) |
| 12:39 | Research | Wheelbarrow |
| 12:39 | Research | Wheelbarrow |
| 12:52 | Build | House |
| 12:54 | Build | House |
| 12:55 | Create | Villager (Male) |
| 12:57 | Build | House |
| 12:57 | Create | Villager (Male) |
| 13:09 | Create | Villager (Male) |
| 13:14 | Build | Farm |
| 13:16 | Build | Farm |
| 13:17 | Create | Villager (Male) |
| 13:20 | Build | Palisade Wall |
| 13:20 | Create | Villager (Male) |
| 13:27 | Create | Villager (Male) |
| 13:33 | Build | Palisade Wall |
| 13:36 | Build | Farm |
| 13:37 | Build | Farm |
| 13:44 | Build | Palisade Wall |
| 13:56 | Build | House |
| 14:05 | Build | Palisade Wall |
| 14:05 | Create | Villager (Male) |
| 14:11 | Create | Archer |
| 14:13 | Build | Palisade Wall |
| 14:16 | Create | Villager (Male) |
| 14:41 | Create | Villager (Male) |
| 14:45 | Build | House |
| 15:03 | Create | Villager (Male) |
| 15:13 | Build | Market |
| 15:14 | Create | Villager (Male) |
| 15:16 | Create | Villager (Male) |
| 15:48 | Build | House |
| 16:15 | Build | Palisade Wall |
| 16:26 | Create | Villager (Male) |
| 16:32 | Build | House |
| 16:35 | Build | Palisade Wall |
| 16:53 | Build | House |
| 16:53 | Build | House |
| 16:54 | Research | Castle Age |
| 16:54 | Research | Castle Age |
| 17:22 | Create | Archer |
| 17:28 | Create | Archer |
| 17:50 | Build | Stable |
| 18:00 | Create | Archer |
| 18:03 | Build | House |
| 18:10 | Build | House |
| 18:31 | Build | Lumber Camp |
| 18:38 | Research | Gold Mining |
| 18:44 | Build | House |
| 18:51 | Build | Archery Range |
| 18:53 | Research | Fletching |
| 19:14 | Build | Archery Range |
| 19:29 | Build | House |
| 19:41 | Age | Castle Age |
| 19:43 | Create | Villager (Male) |
| 19:44 | Research | Bow Saw |
| 19:45 | Research | Heavy Plow |
| 19:55 | Build | Farm |
| 20:05 | Build | Monastery |
| 20:06 | Create | Villager (Male) |
| 20:08 | Create | Cavalry Archer |
| 20:08 | Create | Cavalry Archer |
| 20:10 | Create | Cavalry Archer |
| 20:17 | Build | House |
| 20:18 | Build | House |
| 20:23 | Build | House |
| 20:26 | Create | Cavalry Archer |
| 20:27 | Create | Villager (Male) |
| 20:31 | Build | House |
| 20:32 | Build | House |
| 20:49 | Create | Monk |
| 20:53 | Build | Farm |
| 20:59 | Build | Farm |
| 20:59 | Create | Villager (Male) |
| 21:05 | Create | Cavalry Archer |
| 21:06 | Create | Cavalry Archer |
| 21:06 | Create | Villager (Male) |
Match timeline
| 6:13 | CTM | Crawly94 · first_building Barracks |
| 7:46 | CTM | Crawly94 · wall_segment Palisade Wall x23 |
| 8:12 | Squirrel · first_building Barracks |
| 9:12 | CTM | Crawly94 · wall_segment Palisade Wall x8 |
| 9:19 | Squirrel · wall_segment Palisade Wall x1 |
| 9:24 | CTM | Crawly94 · age_up feudal |
| 9:26 | Squirrel · wall_segment Palisade Wall x1 |
| 9:27 | Squirrel · wall_segment Palisade Wall x1 |
| 9:28 | Squirrel · wall_segment Palisade Wall x1 |
| 9:28 | Squirrel · wall_segment Palisade Wall x1 |
| 9:34 | Squirrel · wall_segment Palisade Wall x1 |
| 9:35 | Squirrel · wall_segment Palisade Wall x1 |
| 9:42 | Squirrel · age_up feudal |
| 9:44 | Squirrel · wall_segment Palisade Wall x1 |
| 9:45 | Squirrel · wall_segment Palisade Wall x1 |
| 9:53 | Squirrel · wall_segment Palisade Wall x1 |
| 9:59 | Squirrel · wall_segment Palisade Wall x1 |
| 10:00 | Squirrel · wall_segment Palisade Wall x1 |
| 10:01 | CTM | Crawly94 · wall_segment Palisade Wall x3 |
| 10:05 | CTM | Crawly94 · wall_segment Palisade Wall x6 |
| 10:20 | Squirrel · first_building Archery Range |
| 10:41 | CTM | Crawly94 · wall_segment Palisade Wall x12 |
| 10:48 | Squirrel · wall_segment Palisade Wall x1 |
| 13:20 | Squirrel · wall_segment Palisade Wall x1 |
| 13:33 | Squirrel · wall_segment Palisade Wall x9 |
| 13:44 | Squirrel · wall_segment Palisade Wall x14 |
| 14:05 | Squirrel · wall_segment Palisade Wall x14 |
| 14:13 | Squirrel · wall_segment Palisade Wall x1 |
| 15:19 | CTM | Crawly94 · first_building Stable |
| 16:15 | Squirrel · wall_segment Palisade Wall x9 |
| 16:19 | Squirrel · first_market_buy 100 food |
| 16:21 | Squirrel · first_market_sell 100 wood |
| 16:35 | Squirrel · wall_segment Palisade Wall x6 |
| 16:36 | CTM | Crawly94 · wall_segment Palisade Wall x1 |
| 16:37 | CTM | Crawly94 · wall_segment Palisade Wall x1 |
| 17:50 | Squirrel · first_building Stable |
| 18:43 | CTM | Crawly94 · first_market_buy 100 food |
| 18:56 | CTM | Crawly94 · age_up castle |
| 18:56 | CTM | Crawly94 · first_market_sell 100 wood |
| 19:41 | Squirrel · age_up castle |
| 20:05 | Squirrel · first_building Monastery |
| 21:24 | Squirrel · first_building Siege Workshop |
| 23:04 | Squirrel · wall_segment Stone Wall x1 |
| 24:45 | CTM | Crawly94 · first_building Siege Workshop |
| 29:12 | CTM | Crawly94 · first_building Archery Range |
| 33:36 | Squirrel · first_building Castle |
| 35:56 | Squirrel · wall_segment Stone Wall x12 |
| 36:25 | CTM | Crawly94 · wall_segment Stone Wall x8 |
| 37:02 | CTM | Crawly94 · wall_segment Stone Wall x7 |
| 37:25 | Squirrel · wall_segment Stone Wall x6 |
| 37:44 | Squirrel · wall_segment Stone Wall x9 |
| 38:03 | Squirrel · age_up imperial |
| 38:14 | CTM | Crawly94 · resign |
[ AI ANALYSIS · 1 CREDIT ]
What really happened in this match?
Wolo.gg analyzes every decision: build order, eco, micro, common mistakes by bracket. Personalized analysis on WhatsApp or Discord in 30 seconds.
Civ guide
Spanish
Perfil
CTM | Crawly94